Map: Oxide LE

Players

DPGDark (Dark) - Winner!

  • Race: Zerg Zerg
  • League: Master
  • Spawn Location: 7:00

Rogue

  • Race: Zerg Zerg
  • Spawn Location: 1:00

Event: TSL 6

VOD

Have the link to the VOD?

Description

Time

  • Played on: Dec. 19, 2020, 11:23 a.m.
  • Length: 11:37

All games in this series

Show
View Real Time Build Order
Export as new Build Order

DPGDark Zerg - Winner!

Build Orders: Hatch First 

Get SALT Encoding   

  12  0:00  Drone  
  13  0:11  Overlord  
  13  0:16  Drone  
  14  0:30  Drone x2  
  16  0:47  Hatchery  
  15  0:50  Drone  
  15  0:55  Drone  
  17  0:58  Drone  
  18  1:09  Extractor  
  17  1:13  Spawning Pool  
  17  1:15  Drone  
  17  1:19  Drone  
  18  1:27  Drone  
  19  1:38  Drone  
  20  1:50  Drone  
  21  1:59  Queen x2  
  21  2:00  Drone x2  
  27  2:10  Overlord  
  27  2:11  Drone  
  27  2:12  Metabolic Boost  
  28  2:28  Drone x2  
  30  2:31  Zergling x2  
  31  2:40  Queen, Hatchery  
  32  2:49  Baneling Nest  
  31  2:55  Overlord, Drone  
  31  2:57  Drone  
  33  3:02  Drone x2  
  33  3:05  Zergling x2  
  36  3:15  Zergling x4  
  36  3:16  Drone x2  
  36  3:17  Overlord  
  40  3:20  Drone  
  40  3:22  Drone  
  40  3:25  Drone x2  
  44  3:36  Drone x2  
  44  3:40  Extractor  
  44  3:41  Drone x2  
  47  3:45  Lair  
  47  3:46  Drone x2  
  49  3:49  Drone x2  
  49  3:50  Drone  
  49  3:53  Drone x2  
  54  4:00  Drone x2  
  56  4:03  Evolution Chamber  
  56  4:06  Roach Warren  
  54  4:10  Extractor  
  54  4:11  Extractor, Baneling  
  54  4:12  Drone x3  
  54  4:13  Drone  
  54  4:15  Overlord  
  54  4:17  Drone  
  57  4:19  Drone  
  58  4:30  Overlord  
  57  4:33  Overlord  
  57  4:37  Zergling x4  
  59  4:38  Drone x3  
  59  4:39  Drone x2  
  59  4:40  Drone  
  59  4:45  Overseer  
  65  4:53  Overlord, Glial Reconstitution  
  65  4:54  Drone x3  
  68  5:06  Roach x6  
  80  5:08  Roach  
  80  5:14  Roach x2  
  86  5:15  Spine Crawler  
  86  5:18  Roach x2  
  89  5:21  Baneling x9  
  89  5:23  Overlord  
  89  5:25  Overlord  
  89  5:29  Spine Crawler  
  88  5:40  Roach x2  
  86  5:43  Roach  
  86  5:45  Roach  
  86  5:47  Roach x5  
  86  5:49  Roach x3  
  95  5:52  Roach  
  95  5:54  Roach  
  95  5:57  Roach  
  95  5:59  Roach  
  95  6:01  Roach  
  95  6:03  Roach  
  101  6:09  Roach x2  
  100  6:11  Roach  
  100  6:14  Roach  
  100  6:17  Roach  
  88  6:23  Zerg Missile Weapons Level 1  
  82  6:26  Roach  
  82  6:27  Roach x2  
  86  6:33  Roach  
  86  6:36  Roach x2  
  88  6:41  Drone  
  88  6:46  Drone  
  88  6:47  Drone  
  91  6:55  Spire  
  91  6:56  Drone  
  91  6:59  Drone x2  
  91  7:00  Queen  
  95  7:03  Drone  
  95  7:07  Drone  
  95  7:08  Drone  
  98  7:14  Overlord  
  98  7:21  Overlord  
  99  7:22  Drone  
  99  7:23  Drone x2  
  99  7:24  Drone x2  
  103  7:33  Roach x3  
  103  7:34  Roach x2  
  113  7:48  Extractor, Roach x4  
  113  7:49  Extractor  
  119  7:56  Overlord x2  
  119  7:58  Roach  
  119  8:00  Overlord  
  121  8:05  Overlord  
  121  8:14  Mutalisk x6  
  121  8:17  Ravager  
  121  8:18  Mutalisk  
  136  8:20  Drone  
  136  8:21  Drone x6  
  136  8:26  Zerg Missile Weapons Level 2  
  143  8:29  Drone x2  
  143  8:33  Roach  
  147  8:36  Roach x3  
  153  8:47  Overlord  
  153  8:49  Overlord  
  153  8:57  Overlord x2  
  153  9:00  Overlord  
  153  9:03  Overlord  
  153  9:06  Roach x4  
  161  9:10  Roach  
  161  9:13  Overseer  
  161  9:15  Roach  
  161  9:16  Roach x4  
  173  9:19  Roach  
  175  9:27  Hatchery  
  174  9:39  Roach x9  
  174  9:41  Ravager x7  
  199  10:02  Roach  
  197  10:08  Roach x3  
  197  10:10  Overlord x2  
  197  10:14  Overlord  
  195  10:15  Overlord  
  195  10:22  Overlord  
  187  10:30  Roach x6  
  187  10:33  Ravager  
  200  10:42  Ravager x2  
  200  11:02  Roach  
  198  11:04  Roach  
  198  11:05  Roach  
  200  11:13  Roach  
  200  11:17  Roach x3  
Show
View Real Time Build Order
Export as new Build Order

Rogue Zerg 

Build Orders: Hatch First 

Get SALT Encoding   

  12  0:00  Drone  
  13  0:12  Overlord  
  13  0:16  Drone  
  14  0:31  Drone x2  
  16  0:48  Hatchery  
  15  0:50  Drone  
  15  0:54  Drone  
  17  0:57  Drone  
  18  1:08  Extractor  
  17  1:12  Spawning Pool  
  17  1:16  Drone  
  17  1:19  Drone  
  18  1:29  Drone  
  19  1:39  Drone  
  20  1:49  Drone  
  21  1:59  Queen x2  
  21  2:00  Zergling x2, Overlord  
  26  2:08  Metabolic Boost  
  26  2:11  Drone x2  
  28  2:22  Drone x2  
  30  2:32  Drone  
  30  2:33  Drone  
  32  2:40  Hatchery  
  32  2:44  Queen  
  31  2:47  Drone  
  34  2:52  Baneling Nest  
  34  2:56  Overlord  
  33  2:58  Drone  
  33  3:01  Drone  
  33  3:04  Zergling x2  
  36  3:14  Drone x4, Evolution Chamber  
  36  3:16  Drone  
  36  3:19  Zergling x2  
  41  3:23  Overlord  
  41  3:25  Drone  
  42  3:27  Drone  
  43  3:35  Drone  
  43  3:39  Zerg Missile Weapons Level 1  
  44  3:41  Drone x4  
  48  3:50  Zergling x4  
  48  3:53  Overlord  
  50  3:56  Roach Warren, Drone x2  
  50  3:58  Baneling  
  50  4:00  Drone  
  50  4:02  Drone x2  
  53  4:04  Drone  
  54  4:11  Drone x3  
  54  4:12  Drone  
  54  4:13  Extractor  
  54  4:14  Extractor  
  56  4:19  Overlord  
  56  4:24  Drone  
  57  4:36  Roach x4  
  57  4:37  Overlord x2  
  65  4:38  Overlord  
  65  4:41  Extractor, Roach  
  65  4:42  Extractor, Roach  
  65  4:45  Roach x2  
  71  4:48  Roach  
  73  4:56  Overlord  
  73  4:59  Roach x4  
  83  5:00  Roach  
  83  5:02  Zergling x2  
  86  5:08  Zergling x2  
  86  5:09  Zergling x8  
  86  5:11  Zergling x4  
  86  5:13  Zergling x2  
  86  5:14  Zergling x2  
  95  5:17  Baneling x5  
  95  5:18  Baneling  
  95  5:27  Zergling x12  
  101  5:31  Zergling x2  
  100  5:39  Zergling x10  
  95  5:43  Roach x2  
  95  5:44  Zergling x2  
  95  5:46  Zergling x2  
  94  5:50  Zergling x2  
  94  5:55  Zergling x2  
  93  5:57  Ravager x3  
  93  5:58  Zergling x2  
  93  5:59  Zergling x4  
  93  6:00  Zergling x4  
  93  6:01  Ravager  
  102  6:06  Zergling x6  
  102  6:07  Zergling x2  
  102  6:10  Zergling x2  
  104  6:11  Zergling x4  
  94  6:18  Lair  
  94  6:19  Zergling x2  
  94  6:25  Roach x4  
  94  6:30  Roach  
  94  6:32  Drone  
  89  6:35  Extractor  
  89  6:37  Roach x2  
  89  6:38  Roach  
  87  6:43  Roach  
  87  6:44  Roach  
  87  6:47  Roach  
  87  6:51  Roach  
  87  6:52  Drone x3  
  87  6:53  Drone  
  95  6:55  Extractor  
  94  7:05  Drone x6  
  100  7:08  Zerg Ground Armor Level 1, Overlord  
  100  7:11  Overlord  
  99  7:17  Overlord, Glial Reconstitution  
  99  7:24  Overseer  
  99  7:25  Roach  
  99  7:26  Overlord x2, Roach x2  
  99  7:28  Extractor  
  104  7:34  Overlord  
  104  7:41  Roach x8  
  104  7:43  Roach  
  122  7:49  Roach x2  
  126  7:55  Roach  
  126  7:56  Roach  
  126  7:57  Roach  
  132  8:07  Roach x7  
  132  8:11  Roach  
  132  8:12  Roach  
  150  8:19  Roach  
  152  8:25  Overlord x3  
  152  8:35  Overlord  
  152  8:38  Hydralisk Den, Roach  
  152  8:41  Roach x2  
  153  8:44  Drone  
  153  8:45  Drone x6  
  158  8:52  Overlord  
  154  9:08  Hydralisk x9  
  172  9:11  Grooved Spines  
  172  9:13  Spore Crawler  
  171  9:17  Overlord  
  171  9:18  Overlord  
  171  9:23  Overlord  
  171  9:27  Overlord x2  
  171  9:32  Spore Crawler  
  170  9:43  Hydralisk x2  
  170  9:44  Hydralisk x2  
  178  9:48  Ravager x3  
  178  9:49  Ravager x3  
  184  9:53  Roach x4  
  184  9:58  Roach  
  184  9:59  Overlord, Roach  
  194  10:02  Overlord  
  183  10:15  Roach  
  183  10:16  Ravager  
  183  10:20  Overlord  
  185  10:23  Roach  
  185  10:25  Roach  
  185  10:26  Roach x4  
  193  10:31  Roach  
  193  10:34  Roach  
  193  10:36  Overlord  
  193  10:40  Overlord  
  193  10:42  Roach x3  
  199  10:44  Ravager  
  200  10:51  Roach  
  199  11:03  Roach x2  
  199  11:08  Roach  
  199  11:10  Roach  
  199  11:18  Roach x7  
Tags
 
Event
TSL 6
League
Master
Matchup
ZvZ
Player
DarkRogue
Race
Zerg
Spawn Locations
Cross Positions
Add a new tag
Caveats
  • Supply blocks, unpowered buildings, or Contaminate may cause inaccurate times.
  • Supply counts are checked every 10 seconds.